 Dungeon Crawl Stone Soup version 0.19-a0-1866-ge6f2195 (webtiles) character file.

1699 Kingduke777 the Destroyer (level 8, -3/41 HPs)
             Began as a Deep Elf Conjurer on Oct 13, 2016.
             Slain by a hill giant
             ... wielding a +0 giant club
              (24 damage)
             ... on level 6 of the Dungeon.
             The game lasted 00:17:13 (6120 turns).

Kingduke777 the Destroyer (Deep Elf Conjurer)       Turns: 6120, Time: 00:17:14

Health: -3/41      AC:  2    Str:  5    XL:     8   Next: 73%
Magic:  2/18       EV: 13    Int: 25    God:
Gold:   167        SH:  0    Dex: 17    Spells: 4 memorised, 6 levels left

rFire  . . .     SeeInvis .     h - +0 dagger
rCold  . . .     Gourm    .     d - +0 robe of Prudence {*Contam rElec rCorr Int+2 Dex+2} (curse)
rNeg   + . .     Faith    .     (no shield)
rPois  .         Spirit   .     (no helmet)
rElec  +         Dismiss  .     (no cloak)
rCorr  +         Reflect  .     (no gloves)
MR     +....     Harm     .     (no boots)
Stlth  ++........               (no amulet)
                                p - ring of positive energy
                                x - ring of protection from magic

@: very slightly contaminated
A: no striking features
a: no special abilities


You were on level 6 of the Dungeon.
You were hungry.

You visited 1 branch of the dungeon, and saw 6 of its levels.
You also visited: Sewer.

You collected 167 gold pieces.

Inventory:

Hand Weapons
 h - a +0 dagger (weapon)
Armour
 a - a +0 robe
 d - the cursed +0 robe of Prudence (worn) {*Contam rElec rCorr Int+2 Dex+2}
   (You found it on level 5 of the Dungeon)

   It affects your intelligence (+2).
   It affects your dexterity (+2).
   It insulates you from electricity.
   It causes magical contamination when unequipped.
   It protects you from acid and corrosion.
   It has a curse placed upon it.
 D - the cursed +0 leather armour of Springtime {rPois Int+2 Dex+4, unknown}
   (You found it on level 5 of the Dungeon)

   It affects your intelligence (+2).
   It affects your dexterity (+4).
   It protects you from poison.
   It has a curse placed upon it.
Jewellery
 l - an uncursed ring of fire
 p - a ring of positive energy (right hand)
 x - a ring of protection from magic (left hand)
 z - a cursed ring of teleportation {unknown}
Wands
 m - a wand of lightning (15/15)
Scrolls
 g - a scroll of fog {unknown}
 i - 2 scrolls of remove curse
 j - 4 scrolls of recharging
 k - a scroll of random uselessness {unknown}
 q - 2 scrolls of amnesia {unknown}
 t - 3 scrolls of teleportation {unknown}
 v - a scroll of magic mapping {unknown}
 y - a scroll of enchant armour {unknown}
 B - a scroll of identify
 E - a scroll of blinking {unknown}
Potions
 e - 2 potions of agility
 f - a potion of mutation
 o - 3 potions of curing
 r - 3 potions of flight
 u - a potion of heal wounds
Books
 b - a book of Conjurations

   Spells                             Type                      Level
   a - Magic Dart                     Conjuration                  1
   b - Searing Ray                    Conjuration                  2
   c - Dazzling Spray                 Conjuration/Hexes            3
   d - Fulminant Prism                Conjuration/Hexes            4
   e - Iskenderun's Mystic Blast      Conjuration                  4
   f - Iskenderun's Battlesphere      Conjuration/Charms           5
 A - a book of Maledictions

   Spells                             Type                      Level
   a - Corona                         Hexes                        1
   b - Ensorcelled Hibernation        Hexes/Ice                    2
   c - Confuse                        Hexes                        3
   d - Tukima's Dance                 Hexes                        3
   e - Dazzling Spray                 Conjuration/Hexes            3
Comestibles
 c - 4 bread rations
 n - 2 royal jellies
 s - 4 meat rations
 w - a fruit
 C - a beef jerky
 F - 7 chunks of flesh


   Skills:
 - Level 2.4 Dodging
 - Level 2.4 Stealth
 + Level 5.6 Spellcasting
 * Level 10.6 Conjurations
 - Level 6.1 Hexes
 + Level 3.8 Charms


You had 6 spell levels left.
You knew the following spells:

 Your Spells              Type           Power        Failure   Level  Hunger
a - Magic Dart            Conj           ####         1%          1    None
b - Searing Ray           Conj           ######       1%          2    None
c - Fulminant Prism       Conj/Hex       #####.....   2%          4    ###....
d - Iskenderun's Battles  Conj/Chrm      #####...     12%         5    #####..


Dungeon Overview and Level Annotations

Branches:
Dungeon (6/15)
 Temple: D:4-7

Altars:
Fedhas
Gozag
Kikubaaqudgha
Qazlal


Message History

The hill giant barely misses you.
Casting: Searing Ray
Confirm with . or Enter, or press ? or * to list all spells.
You don't have enough magic to cast that spell.
Unknown command.
Okay, then.
Casting: Searing Ray
Confirm with . or Enter, or press ? or * to list all spells.
Aiming: Magic Dart
Press: ? - help, Shift-Dir - straight line, f/p - hill giant
Aim: a hill giant, wielding a giant club (severely wounded)
The magic dart hits the hill giant.
The hill giant is severely wounded.
Your battlesphere fires!
The barrage of energy hits the hill giant.
The hill giant is almost dead.
Your battlesphere expends the last of its energy and dissipates.
The hill giant hits you with a giant club!!
Ouch! That really hurt!
You die...

#.###.######
#.#.........
#.#.#.######
########...##
#.........## #.#########
#ยง########## #####
#C##......>###....
#@##.#####.....###
######## #.##.# #######
# .......# #.##.# #
######.# #.##.# # #.#
#....# # ### #.# #.##.#
# ..# #.# #####.##.####
# #.# #.# #............
#
#.####.#####............
#


You could see a hill giant.

Vanquished Creatures
  The ghost of Kingduke777 the Conjurer, a novice DEVM (D:4)
  Grinder (D:4)
  A yak (D:6)
  Edmund (D:4)
  An orc warrior (D:4)
  An ogre (D:5)
  An ice beast (D:6)
  A bullfrog (D:6)
  A big kobold (Sewer)
  A scorpion (D:5)
  A howler monkey (D:4)
  3 crimson imps (D:5)
  A bullfrog skeleton (D:4)
  An orc priest (D:4)
  A centaur skeleton (D:4)
  An iguana (D:4)
  5 orc wizards
  A worker ant (D:4)
  A river rat (Sewer)
  2 adders
  A howler monkey skeleton (D:5)
  3 shadow imps
  An ooze (D:1)
  An adder zombie (D:6)
  2 worms
  A dart slug (D:1)
  4 leopard geckos
  7 orcs
  4 giant cockroaches
  7 goblins
  4 hobgoblins
  10 jackals
  A quokka (D:4)
  12 bats
  3 frilled lizards
  10 kobolds
  A leopard gecko zombie (D:5)
  7 rats
106 creatures vanquished.

Vanquished Creatures (others)
  10 fulminant prisms
10 creatures vanquished.

Grand Total: 116 creatures vanquished

Notes
Turn   | Place    | Note
-------+----------+-------------------------------------------
     0 | D:1      | Kingduke777 the Deep Elf Conjurer began the quest for the Orb.
     0 | D:1      | Reached XP level 1. HP: 10/10 MP: 6/6
    62 | D:1      | Reached XP level 2. HP: 15/15 MP: 0/8
   248 | D:1      | Learned a level 2 spell: Searing Ray
   299 | D:1      | Reached skill level 5 in Conjurations
   642 | D:1      | Reached XP level 3. HP: 19/19 MP: 5/9
  1386 | D:2      | Found a blossoming altar of Fedhas.
  1769 | D:2      | Reached skill level 6 in Conjurations
  2212 | D:3      | Reached XP level 4. HP: 22/24 MP: 4/10
  2271 | D:3      | Learned a level 4 spell: Fulminant Prism
  2579 | D:3      | Found an ancient bone altar of Kikubaaqudgha.
  2579 | D:3      | Found a stormy altar of Qazlal.
  2582 | D:3      | Reached skill level 1 in Hexes
  3136 | D:4      | Noticed Edmund
  3139 | D:4      | Reached XP level 5. HP: 22/28 MP: 3/11
  3458 | D:4      | Killed Edmund
  3458 | D:4      | Reached skill level 7 in Conjurations
  3458 | D:4      | Reached XP level 6. HP: 22/32 MP: 3/12
  3577 | D:4      | Noticed Kingduke777's ghost (novice DEVM)
  3582 | D:4      | Killed Kingduke777's ghost
  3582 | D:4      | Reached skill level 8 in Conjurations
  3582 | D:4      | Reached XP level 7. HP: 30/36 MP: 5/13
  3625 | D:4      | Noticed Grinder
  3710 | D:4      | Killed Grinder
  3710 | D:4      | Reached skill level 5 in Hexes
  3839 | D:4      | Reached skill level 9 in Conjurations
  4360 | D:4      | Reached XP level 8. HP: 41/41 MP: 7/16
  4445 | D:4      | Found an opulent altar of Gozag.
  4564 | D:4      | Learned a level 5 spell: Iskenderun's Battlesphere
  4587 | D:5      | Entered Level 5 of the Dungeon
  4617 | D:5      | Got a brightly glowing robe
  4628 | D:5      | Identified the cursed +0 robe of Prudence {*Contam rElec rCorr Int+2 Dex+2} (You found it on level 5 of the Dungeon)
  4691 | D:5      | Found a glowing drain.
  4712 | Sewer    | Entered a sewer
  4786 | Sewer    | Reached skill level 1 in Charms
  4877 | Sewer    | Found a white marble altar of Elyvilon.
  5196 | D:5      | Reached skill level 10 in Conjurations
  5693 | D:5      | Got a crude leather armour
  5790 | D:5      | Reached skill level 5 in Spellcasting
  6078 | D:6      | Noticed a hill giant
  6120 | D:6      | Slain by a hill giant

Vault maps used:
D:1:      lemuel_arrival_tunnels
D:2:      first_bread, fedhas_altar_1
D:3:      gammafunk_temple_overflow_pools, minmay_misc_feat_room
D:4:      marbit_many_paths, uniq_edmund, uniq_grinder
D:5:      portal_sewer_entry_f
D:6:      kb_rosetta
Sewer:    sewer_kobolds

Skill      XL: |  1  2  3  4  5  6  7  8 |
---------------+-------------------------+-----
Conjurations   | 5 6 7 8 9 10 | 10.6
Hexes          | 2 3 4 6 |  6.1
Spellcasting   | 4 5 |  5.6
Charms         | 3 |  3.8
Dodging        | |  2.4
Stealth        | |  2.4

Action                   |  1- 3 |  4- 6 |  7- 9 || total
-------------------------+-------+-------+-------++-------
Melee: Dagger            |     2 |       |     2 ||     4
 Cast: Magic Dart        |    66 |    22 |    69 ||   157
       Searing Ray       |     4 |     5 |    17 ||    26
       Fulminant Prism   |       |     4 |     6 ||    10
       Iskenderun's Batt |       |       |     3 ||     3
  Use: Scroll            |       |     7 |       ||     7
  Eat: Chunk             |     3 |     6 |     7 ||    16
       Pizza             |       |       |     1 ||     1
       Fruit             |       |       |     1 ||     1
Armor: Robe              |     3 |     1 |       ||     4
Dodge: Dodged            |    31 |     6 |    16 ||    53
